 Dungeon Crawl Stone Soup version 0.29.0-4-gdea44cf6ec (webtiles) character file.

Game seed: 12201830435141124802

28 qw the Chopper (level 3, 0/21 HPs)
             Began as a Tengu Warper on Aug 28, 2022.
             Slain by Robin
             ... wielding a +2 trident of protection
              (4 damage)
             ... on level 2 of the Dungeon.
             The game lasted 00:00:05 (1011 turns).

qw the Chopper (Tengu Warper)                       Turns: 1011, Time: 00:00:06

Health: 0/21       AC:  5    Str: 13    XL:     3   Next: 14%
Magic:  7/7        EV: 10    Int: 13    God:
Gold:   33         SH:  4    Dex: 13    Spells: 6/6 levels left

rFire   . . .      SeeInvis .   Y - +1 hand axe
rCold   . . .      Faith    .   e - +0 buckler
rNeg    . . .      Spirit   .   h - +0 ring mail
rPois   .          Reflect  .   (helmet restricted)
rElec   .          Harm     .   (no cloak)
rCorr   .          Rampage  .   (no gloves)
Will    .....                   (boots unavailable)
Stlth   +.........              (no amulet)
HPRegen 0.07/turn               (no ring)
MPRegen 0.10/turn               (no ring)

@: no status effects
A: beak, talons 3
a: no special abilities


You were on level 2 of the Dungeon.
You visited 1 branch of the dungeon, and saw 2 of its levels.

You collected 33 gold pieces.


Innate Abilities, Weirdness & Mutations

You have a beak for a mouth.
You have claws for feet.


   Skills:
 - Level 2.0 Fighting
 + Level 3.5 Axes
 - Level 1.0 Throwing
 - Level 1.1 Armour
 - Level 2.1 Dodging
 - Level 1.1 Shields
 - Level 2.0 Spellcasting
 - Level 2.4 Translocations


You had 6 spell levels left.
You didn't know any spells.
Your spell library contained the following spells:

 Spells                   Type           Power      Damage    Failure   Level
 Blink                    Tloc           14%        N/A       38%         2
 Gell's Gravitas          Tloc           7%         N/A       63%         3
 Lesser Beckoning         Tloc           7%         N/A       63%         3
 Teleport Other           Tloc           7%         N/A       63%         3
 Manifold Assault         Tloc           7%         N/A       100%        5

Inventory:

Hand Weapons
 l - a +0 mace
 Y - a +1 hand axe (weapon)
Armour
 e - a +0 buckler (worn)
 h - a +0 ring mail (worn)
Potions
 j - a potion of heal wounds {unknown}

Dungeon Overview and Level Annotations

Branches:
Dungeon (2/15)

Altars:

Annotations:
D:2 Jessica, Robin


Message History

You barely miss the goblin. You hit the hobgoblin. You miss the goblin.
The hobgoblin barely misses you. The goblin hits you with a +0 club. x2
A ball python comes into view.
You hit the hobgoblin.
You kill the hobgoblin!
You barely miss the goblin. You hit the goblin. The goblin closely misses you.
The kobold throws a stone.
The stone hits you but does no damage. The goblin hits you but does no damage.
Robin throws the goblin at you!
You closely miss the goblin. Your kick misses the goblin. You peck the goblin.
You kill the goblin!
You closely miss the goblin. x2
The goblin completely misses you. The goblin hits you but does no damage.
You have reached level 3!
Your experience leads to an increase in your attributes!
Increase (S)trength, (I)ntelligence, or (D)exterity?
You feel stronger. x2
You hit the goblin.
You kill the goblin!
You hit the goblin. x2
The goblin hits you with a +0 club. The goblin barely misses you.
You miss the goblin. You claw the goblin.
The goblin is heavily wounded.
You closely miss the goblin. You hit the hobgoblin but do no damage.
You hit the goblin.
You kill the goblin!
You block the goblin's attack. The goblin hits you with a +0 club.
You block the hobgoblin's attack.
You hit the goblin.
You kill the goblin!
You hit the hobgoblin. You hit the kobold.
You kill the kobold!
You miss the goblin. The hobgoblin hits you.
You barely miss the hobgoblin. You claw the hobgoblin.
The hobgoblin is heavily wounded.
You hit the goblin. You closely miss the hobgoblin.
You closely miss the goblin. The hobgoblin hits you. The hobgoblin misses you.
Robin hits you from afar with a +2 trident of protection.
You die...

....... ........
... ....[^.. #...
........ ...##
~.......####.....
.............#...
....!.##.##S.....
.......<)#g@.....
........#@gg.....
...#.##))gg...$..
. .. ##.........
... ##........ ..
..$...... .
##....... .......
....... ......


You could see Robin, Jessica, 2 hobgoblins, 2 goblins and a ball python.

Vanquished Creatures
  2 endoplasms
  A giant cockroach (D:1)
  10 goblins
  3 hobgoblins
  2 kobolds
  A quokka (D:1)
  2 bats
  A rat (D:1)
22 creatures vanquished.

Notes
Turn   | Place    | Note
-------+----------+-------------------------------------------
     0 | D:1      | qw the Tengu Warper began the quest for the Orb.
     0 | D:1      | Reached XP level 1. HP: 12/12 MP: 4/4
     0 | D:1      | 0 ||| qw: Version: 0.1-a-89-g26bdef1
     0 | D:1      | 0 ||| qw: Game counter: 190
     0 | D:1      | 0 ||| qw: Always use a shield: true
     0 | D:1      | 0 ||| qw: God list: Okawaru
     0 | D:1      | 0 ||| qw: Allow faded altars: false
     0 | D:1      | 0 ||| qw: Do Orc after D:15 true
     0 | D:1      | 0 ||| qw: Do second Lair branch before Depths: true
     0 | D:1      | 0 ||| qw: Lair rune preference: random
     0 | D:1      | 0 ||| qw: Plans: Normal
     0 | D:1      | 0 ||| PLANNING D:1-11
   225 | D:1      | Reached skill level 3 in Axes
   225 | D:1      | Reached XP level 2. HP: 14/17 MP: 6/6
   554 | D:1      | Found a faded altar of an unknown god.
   747 | D:1      | 747 ||| UPGRADING to +0 buckler.
   752 | D:1      | 752 ||| UPGRADING to +0 ring mail.
   762 | D:1      | 762 ||| DROPPING +0 leather armour.
   763 | D:1      | 763 ||| DROPPING ring of flight.
   764 | D:1      | 764 ||| READING scroll labelled ZUINUDW WEAGU.
   768 | D:1      | 768 ||| READING scroll labelled QER POHAFUAS.
   769 | D:1      | 769 ||| READING scroll labelled DIGRUI MUON.
   770 | D:1      | 770 ||| READING scroll labelled LISUTOCVOTS.
   771 | D:1      | 771 ||| DROPPING scroll of blinking.
   805 | D:2      | 805 ||| Stepping ~*~*~tactically~*~*~ (hiding).
   806 | D:2      | 806 ||| Stepping ~*~*~tactically~*~*~ (hiding).
   814 | D:2      | 814 ||| FLEEEEING.
   815 | D:2      | 815 ||| STAIRDANCE
   839 | D:2      | 839 ||| STAIRDANCE
   937 | D:2      | 937 ||| STAIRDANCE
  1002 | D:2      | Noticed Robin
  1004 | D:2      | Noticed Jessica
  1005 | D:2      | Reached skill level 1 in Shields
  1008 | D:2      | Reached XP level 3. HP: 13/21 MP: 7/7
  1011 | D:2      | HP: 4/21 [hobgoblin[Robin] (2)]
  1011 | D:2      | Slain by Robin

Levels and vault maps discovered:
D:1:      wander_arrival_chamber, layout_loops_ring,
          shapermc_ecumenical_altar_totnotflames
D:2:      layout_rooms, serial_rivers, chequers_serial_rivers_large_a,
          chequers_serial_rivers_room_b, chequers_serial_rivers_micro_e,
          chequers_serial_rivers_small_a, chequers_serial_rivers_marsh,
          serial_shops, shop, corexii_item_surrounded_by_moat, uniq_jessica,
          uniq_robin, uniq_natasha

Skill      XL: |  1  2 |
---------------+-------+-----
Axes           | 3 |  3.5
Shields        | 1 |  1.1
Fighting       | |  2.0
Throwing       | |  1.0
Armour         | |  1.1
Dodging        | |  2.1
Spellcasting   | |  2.0
Translocations | |  2.4

Action                   || total
-------------------------++-------
Melee: Hand axe          ||    33
       Kick              ||     9
       Peck              ||     2
Throw: Boomerang         ||     7
  Use: Scroll            ||     4
Armor: Leather armour    ||     3
       Ring mail         ||     8
Dodge: Dodged            ||    23
Block: Buckler           ||     5

Table legend:
 A = Non-vault XP
 B = Vault XP
 C = Vault XP percentage of total XP
 D = Non-vault monster count
 E = Vault monster count
 F = Vault count percentage of total count
                 A         B        C        D         E       F
            +---------+---------+-------+---------+---------+-------
      Total |      25 |      16 |  39.0 |      14 |       8 |  36.4
            +---------+---------+-------+---------+---------+-------
        D:1 |      18 |       2 |  10.0 |      10 |       1 |   9.1
        D:2 |       7 |      14 |  66.7 |       4 |       7 |  63.6
            +---------+---------+-------+---------+---------+-------
